 Dungeon Crawl Stone Soup version 0.30-a0-223-gcb0039aa0c (webtiles) character file.

Game seed: 18156226290163865258

1804 qw the Cleaver (level 9, -1/60 HPs)
             Began as a Gargoyle Fighter on Oct 9, 2022.
             Killed from afar by a steam dragon (8 damage)
             ... with a ball of steam
             ... on level 6 of the Dungeon.
             The game lasted 00:02:32 (5871 turns).

qw the Cleaver (Gargoyle Fighter)                   Turns: 5871, Time: 00:02:33

Health: -1/60      AC: 22    Str: 24    XL:     9   Next: 9%
Magic:  18/18      EV:  7    Int:  9    God:
Gold:   370        SH:  4    Dex:  9    Spells: 8/8 levels left

rFire   . . .      SeeInvis .    Y - +1 war axe
rCold   . . .      Faith    .    c - +0 buckler
rNeg    + . .      Spirit   .    o - +0 plate armour
rPois   inf        Reflect  .    f - +0 helmet of the Sky {MP+9 Stlth+}
rElec   +          Harm     .    (no cloak)
rCorr   .          Rampage  .    b - +0 pair of gloves
Will    .....                    p - +0 pair of boots
Stlth   ..........               (no amulet)
HPRegen 0.30/turn                (no ring)
MPRegen 0.16/turn                (no ring)

@: about to teleport
A: sickness immunity, AC +6, negative energy resistance 1, electricity
resistance, torment resistance 1, petrification resistance, robust 1
a: no special abilities


You were on level 6 of the Dungeon.
You visited 1 branch of the dungeon, and saw 6 of its levels.
You also visited: Sewer.

You collected 370 gold pieces.


Innate Abilities, Weirdness & Mutations

You are immune to sickness and miasma.
Your stone body is resilient. (AC +6)
You are immune to poison.
You resist negative energy. (rN+)
You are resistant to electric shocks. (rElec)
You are resistant to unholy torment.
You are immune to petrification.
You are robust. (+10% HP)


   Skills:
 - Level 6.2 Fighting
 + Level 8.7 Axes
 - Level 5.5 Armour
 - Level 1.6 Dodging
 - Level 3.2 Shields


You had 8 spell levels left.
You didn't know any spells.
Your spell library was empty.

Inventory:

Hand Weapons
 n - a +4 flail of protection
 Y - a +1 war axe (weapon)
Armour
 b - a +0 pair of gloves (worn)
 c - a +0 buckler (worn)
 f - the +0 helmet of the Sky (worn) {MP+9 Stlth+}
   (You took it off Robin on level 4 of the Dungeon)

   MP:        It affects your magic capacity (+9).
   Stlth:     It makes you more stealthy.
 o - a +0 plate armour (worn)
 p - a +0 pair of boots (worn)
Scrolls
 a - a scroll of identify
 e - a scroll of teleportation
Potions
 d - 2 potions of might
 g - 2 potions of curing
 h - 2 potions of heal wounds {unknown}
 i - 2 potions of attraction
 j - 2 potions of mutation
 k - a potion of lignification
 l - a potion of haste {unknown}
 m - a potion of ambrosia {unknown}

Dungeon Overview and Level Annotations

Branches:
Dungeon (6/15)              Sewer (visited)
 Temple: D:4-7

Altars:
Nemelex Xobeh
Xom

Annotations:
D:3 2 runed translucent doors
D:6 Prince Ribbit


Message History

The steam dragon is lightly wounded.
You block the steam dragon's attack.
The steam dragon claws you but does no damage.
You closely miss the steam dragon.
The steam dragon is lightly wounded.
The steam dragon bites you! The steam dragon completely misses you.
You slash the steam dragon!
The steam dragon is heavily wounded.
The steam dragon bites you but does no damage.
The steam dragon claws you but does no damage.
You hit the steam dragon.
The steam dragon is severely wounded.
The steam dragon breathes steam at you. The ball of steam hits you!
The steam dragon closely misses you.
The steam dragon claws you but does no damage.
An orc priest comes into view. It is wielding a +0 flail.
The orc priest shouts!
You hear a shout! x2
5868 ||| READING 2 scrolls of teleportation.
As you read the scroll of teleportation, it crumbles to dust.
You feel strangely unstable.
You are engulfed in a cloud of scalding steam.
An orc comes into view. It is wielding a +0 falchion.
The steam dragon bites you.
The steam dragon claws you but does no damage.
The orc priest invokes the aid of Beogh against you.
You struggle to resist.
You closely miss the steam dragon.
The steam dragon is severely wounded.
You are engulfed in a cloud of scalding steam.
The steam dragon barely misses you.
The steam dragon claws you but does no damage.
You slash the steam dragon!
The steam dragon is almost dead.
The steam dragon barely misses you. x2
The orc priest miscasts a cantrip.
You closely miss the steam dragon.
The steam dragon is almost dead.
The steam dragon breathes steam at you. The ball of steam hits you!
You die...

## #.### #
#...## #..
#.¤¤.##
#...#.....##
#..oo.@....#
#.....D.....#
#...........#
#...........#
#..........##
#...#>..####
#...#....
.#..##...


You could see a steam dragon (catching breath), an orc priest and an orc.

Vanquished Creatures
  Sigmund (D:3)
  Menkaure (D:4)
  Edmund (D:4)
  A water moccasin (D:5)
  2 black bears
  An orc warrior (D:4)
  A phantom (D:5)
  2 bullfrogs (Sewer)
  3 scorpions
  2 hounds
  A jelly (D:4)
  3 orc priests (D:5)
  2 iguanas (D:4)
  Natasha (thrice) (D:4)
  3 orc wizards
  Robin (D:4)
  9 adders
  A gnoll (D:2)
  2 ufetubi (D:4)
  A worm (D:4)
  15 orcs
  9 endoplasms
  14 giant cockroaches
  16 goblins
  9 hobgoblins
  4 jackals
  9 quokkas
  11 ball pythons
  4 bats
  9 frilled lizards
  3 kobolds
  4 rats
148 creatures vanquished.

Vanquished Creatures (others)
  A goblin (D:4)
1 creature vanquished.

Grand Total: 149 creatures vanquished

Notes
Turn   | Place    | Note
-------+----------+-------------------------------------------
     0 | D:1      | qw the Gargoyle Fighter began the quest for the Orb.
     0 | D:1      | Reached XP level 1. HP: 14/14 MP: 1/1
     0 | D:1      | 0 ||| qw: Version: 0.2-a-17-g06abaee
     0 | D:1      | 0 ||| qw: Game counter: 2186
     0 | D:1      | 0 ||| qw: Always use a shield: true
     0 | D:1      | 0 ||| qw: God list: Okawaru
     0 | D:1      | 0 ||| qw: Allow faded altars: false
     0 | D:1      | 0 ||| qw: Do Orc after D:15 true
     0 | D:1      | 0 ||| qw: Do second Lair branch before Depths: true
     0 | D:1      | 0 ||| qw: Lair rune preference: random
     0 | D:1      | 0 ||| qw: Plans: Normal, Zot:1-4, God:TSO, Crypt, Tomb,
                  | Pan, Slime:5, Hells, Abyss, Orb
     0 | D:1      | 0 ||| PLANNING D:1-11
    50 | D:1      | Reached skill level 2 in Axes
    91 | D:1      | Found a faded altar of an unknown god.
   250 | D:1      | Reached XP level 2. HP: 19/19 MP: 2/2
   293 | D:1      | 293 ||| DROPPING +0 club.
   886 | D:1      | 886 ||| READING 2 scrolls labelled DUGAITHR ZOUN.
   887 | D:1      | 887 ||| READING scroll labelled POGAIH YSKO.
   888 | D:1      | 888 ||| READING scroll labelled CUNOTIDENE.
   891 | D:1      | 891 ||| READING scroll labelled MINOWIRCHESU.
   892 | D:1      | 892 ||| DRINKING 2 ruby potions.
   904 | D:2      | 904 ||| STAIRDANCE
   918 | D:2      | 918 ||| STAIRDANCE
   928 | D:2      | 928 ||| STAIRDANCE
   937 | D:2      | 937 ||| Stepping ~*~*~tactically~*~*~ (stealth).
   938 | D:2      | 938 ||| Stepping ~*~*~tactically~*~*~ (stealth).
   950 | D:2      | Reached skill level 3 in Axes
   950 | D:2      | Reached XP level 3. HP: 23/23 MP: 3/3
  1089 | D:2      | 1089 ||| Stepping ~*~*~tactically~*~*~ (stealth).
  1093 | D:2      | 1093 ||| Stepping ~*~*~tactically~*~*~ (stealth).
  1624 | D:2      | 1624 ||| Stepping ~*~*~tactically~*~*~ (hiding).
  1626 | D:2      | 1626 ||| Stepping ~*~*~tactically~*~*~ (hiding).
  1628 | D:2      | 1628 ||| Stepping ~*~*~tactically~*~*~ (hiding).
  1633 | D:2      | Reached XP level 4. HP: 28/28 MP: 4/4
  2142 | D:2      | 2142 ||| READING scroll labelled PATORU RYBE.
  2143 | D:2      | 2143 ||| READING scroll labelled QEASKEINKUPH.
  2144 | D:2      | 2144 ||| DRINKING 2 brown potions.
  2145 | D:2      | 2145 ||| DROPPING potion of brilliance.
  2155 | D:3      | 2155 ||| PLANNING SEWER
  2168 | D:3      | 2168 ||| Stepping ~*~*~tactically~*~*~ (stealth).
  2182 | D:3      | Reached skill level 4 in Axes
  2262 | D:3      | 2262 ||| Stepping ~*~*~tactically~*~*~ (stealth).
  2265 | D:3      | 2265 ||| Stepping ~*~*~tactically~*~*~ (stealth).
  2296 | D:3      | Noticed Sigmund
  2305 | D:3      | Killed Sigmund
  2306 | D:3      | Reached skill level 5 in Axes
  2306 | D:3      | Reached XP level 5. HP: 32/32 MP: 5/5
  2306 | D:3      | Reached XP level 6. HP: 37/37 MP: 6/6
  2306 | D:3      | 2306 ||| DROPPING +0 mace.
  2398 | D:3      | 2398 ||| Stepping ~*~*~tactically~*~*~ (stealth).
  2413 | D:3      | 2413 ||| Stepping ~*~*~tactically~*~*~ (stealth).
  2418 | D:3      | Found a large runed translucent door.
  2419 | D:3      | Found a large runed translucent door.
  2430 | D:3      | 2430 ||| Stepping ~*~*~tactically~*~*~ (hiding).
  2431 | D:3      | 2431 ||| Stepping ~*~*~tactically~*~*~ (hiding).
  2481 | D:3      | 2481 ||| Stepping ~*~*~tactically~*~*~ (stealth).
  2523 | D:3      | 2523 ||| Stepping ~*~*~tactically~*~*~ (stealth).
  2525 | D:3      | 2525 ||| Stepping ~*~*~tactically~*~*~ (stealth).
  2527 | D:3      | 2527 ||| Stepping ~*~*~tactically~*~*~ (stealth).
  2529 | D:3      | 2529 ||| Stepping ~*~*~tactically~*~*~ (stealth).
  2531 | D:3      | 2531 ||| Stepping ~*~*~tactically~*~*~ (stealth).
  2533 | D:3      | 2533 ||| Stepping ~*~*~tactically~*~*~ (stealth).
  2535 | D:3      | 2535 ||| Stepping ~*~*~tactically~*~*~ (stealth).
  2537 | D:3      | 2537 ||| Stepping ~*~*~tactically~*~*~ (stealth).
  2539 | D:3      | 2539 ||| Stepping ~*~*~tactically~*~*~ (stealth).
  2541 | D:3      | 2541 ||| Stepping ~*~*~tactically~*~*~ (stealth).
  2543 | D:3      | 2543 ||| Stepping ~*~*~tactically~*~*~ (stealth).
  2545 | D:3      | 2545 ||| Stepping ~*~*~tactically~*~*~ (stealth).
  2547 | D:3      | 2547 ||| Stepping ~*~*~tactically~*~*~ (stealth).
  2549 | D:3      | 2549 ||| Stepping ~*~*~tactically~*~*~ (stealth).
  2663 | D:3      | Found a glowing drain.
  2698 | D:3      | 2698 ||| DRINKING 2 smoky yellow potions.
  2698 | D:3      | Gained mutation: You are robust. (+10% HP) [potion of
                  | mutation]
  2709 | D:3      | 2709 ||| READING 3 scrolls of identify.
  2709 | D:3      | 2709 ||| IDENTIFYING grey potion
  2710 | D:3      | 2710 ||| READING 2 scrolls of identify.
  2710 | D:3      | 2710 ||| IDENTIFYING coppery potion
  2711 | D:3      | 2711 ||| DROPPING potion of flight.
  2720 | Sewer    | Entered a sewer
  2731 | Sewer    | 2731 ||| Stepping ~*~*~tactically~*~*~ (water).
  2971 | Sewer    | Reached skill level 1 in Dodging
  2980 | Sewer    | Reached skill level 6 in Axes
  2980 | Sewer    | Reached XP level 7. HP: 15/47 MP: 7/7
  3297 | Sewer    | 3297 ||| READING scroll labelled NUYFEH CAMUNWEDIX.
  3317 | D:3      | 3317 ||| PLANNING D:1-11
  3410 | D:3      | Found a shimmering altar of Xom.
  3415 | D:3      | Found a sparkling altar of Nemelex Xobeh.
  3554 | D:3      | 3554 ||| READING 3 scrolls labelled FIQOECK TATAF.
  3555 | D:3      | 3555 ||| DRINKING 2 yellow potions.
  3556 | D:3      | 3556 ||| DROPPING 2 scrolls of poison.
  3557 | D:3      | 3557 ||| DROPPING potion of degeneration.
  3583 | D:4      | Identified the +0 helmet of the Sky {MP+9 Stlth+}
  3583 | D:4      | Noticed Robin
  3584 | D:4      | 3584 ||| Stepping ~*~*~tactically~*~*~ (hiding).
  3654 | D:4      | 3654 ||| Stepping ~*~*~tactically~*~*~ (hiding).
  3682 | D:4      | Killed Robin
  3778 | D:4      | Noticed Natasha
  3779 | D:4      | 3779 ||| Stepping ~*~*~tactically~*~*~ (hiding).
  3779 | D:4      | Noticed Menkaure
  3780 | D:4      | 3780 ||| Stepping ~*~*~tactically~*~*~ (hiding).
  3785 | D:4      | Killed Natasha
  3797 | D:4      | Killed Menkaure
  3798 | D:4      | 3798 ||| FLEEEEING.
  3799 | D:4      | 3799 ||| FLEEEEING.
  3800 | D:4      | 3800 ||| FLEEEEING.
  3801 | D:4      | 3801 ||| FLEEEEING.
  3802 | D:4      | 3802 ||| FLEEEEING.
  3803 | D:4      | 3803 ||| FLEEEEING.
  3804 | D:4      | 3804 ||| FLEEEEING.
  3805 | D:4      | 3805 ||| FLEEEEING.
  3806 | D:4      | 3806 ||| FLEEEEING.
  3807 | D:4      | 3807 ||| FLEEEEING.
  3986 | D:4      | 3986 ||| Stepping ~*~*~tactically~*~*~ (stealth).
  3995 | D:4      | Noticed Natasha
  4002 | D:4      | Reached skill level 7 in Axes
  4008 | D:4      | Killed Natasha
  4275 | D:4      | Noticed Edmund
  4286 | D:4      | Killed Edmund
  4287 | D:4      | Reached XP level 8. HP: 32/55 MP: 8/8
  4368 | D:4      | 4368 ||| DROPPING +0 flail.
  4529 | D:4      | 4529 ||| Stepping ~*~*~tactically~*~*~ (stealth).
  4531 | D:4      | 4531 ||| Stepping ~*~*~tactically~*~*~ (stealth).
  4570 | D:4      | HP: 13/55 [orc warrior/+0 battleaxe (7)]
  4571 | D:4      | 4571 ||| READING 5 scrolls of teleportation.
  4573 | D:4      | HP: 2/55 [orc/+0 hand axe (5)]
  4833 | D:4      | 4833 ||| Stepping ~*~*~tactically~*~*~ (stealth).
  4841 | D:4      | Noticed Natasha
  4849 | D:4      | Killed Natasha
  5030 | D:4      | Reached skill level 8 in Axes
  5106 | D:4      | 5106 ||| UPGRADING to +0 helmet of the Sky {MP+9 Stlth+}.
  5111 | D:4      | 5111 ||| DROPPING +2 robe of fire resistance.
  5112 | D:4      | 5112 ||| UPGRADING to +0 plate armour.
  5122 | D:4      | 5122 ||| DROPPING +0 scale mail.
  5123 | D:4      | 5123 ||| READING 2 scrolls of identify.
  5123 | D:4      | 5123 ||| IDENTIFYING fuming cyan potion
  5140 | D:5      | Entered Level 5 of the Dungeon
  5142 | D:5      | 5142 ||| STAIRDANCE
  5174 | D:5      | 5174 ||| STAIRDANCE
  5188 | D:5      | 5188 ||| Stepping ~*~*~tactically~*~*~ (hiding).
  5236 | D:5      | Reached skill level 6 in Fighting
  5462 | D:5      | Reached XP level 9. HP: 60/60 MP: 9/9
  5489 | D:5      | 5489 ||| Stepping ~*~*~tactically~*~*~ (hiding).
  5492 | D:5      | 5492 ||| Stepping ~*~*~tactically~*~*~ (hiding).
  5493 | D:5      | 5493 ||| Stepping ~*~*~tactically~*~*~ (hiding).
  5494 | D:5      | 5494 ||| Stepping ~*~*~tactically~*~*~ (hiding).
  5496 | D:5      | 5496 ||| Stepping ~*~*~tactically~*~*~ (stealth).
  5506 | D:5      | 5506 ||| Stepping ~*~*~tactically~*~*~ (hiding).
  5507 | D:5      | 5507 ||| Stepping ~*~*~tactically~*~*~ (hiding).
  5508 | D:5      | 5508 ||| Stepping ~*~*~tactically~*~*~ (hiding).
  5614 | D:5      | 5614 ||| UPGRADING to +0 pair of gloves.
  5619 | D:5      | 5619 ||| UPGRADING to +0 pair of boots.
  5666 | D:6      | 5666 ||| Stepping ~*~*~tactically~*~*~ (stealth).
  5715 | D:6      | Noticed Prince Ribbit
  5770 | D:6      | HP: 15/60 [Prince Ribbit (3)]
  5771 | D:6      | 5771 ||| READING 5 scrolls of teleportation.
  5812 | D:6      | HP: 13/60 [Prince Ribbit (12)]
  5813 | D:6      | 5813 ||| READING 4 scrolls of teleportation.
  5817 | D:6      | 5817 ||| READING 3 scrolls of teleportation.
  5867 | D:6      | HP: 11/60 [steam dragon/ball of steam (7)]
  5868 | D:6      | 5868 ||| READING 2 scrolls of teleportation.
  5871 | D:6      | Killed from afar by a steam dragon

Levels and vault maps discovered:
D:1:      scummos_arrival_forest, layout_loops_corners, serial_forest,
          infiniplex_forest_corner_1, infiniplex_forest_corner_1,
          infiniplex_forest_corner_1, infiniplex_forest_lined_3,
          infiniplex_forest_end_2, infiniplex_forest_straight_4,
          infiniplex_forest_lined_2, hellmonk_ecumenical_altar_slurped_away
D:2:      wad_crossroads, layout_basic
D:3:      minmay_spotlight, layout_rooms,
          chequers_temple_overflow_statue_of_worship, jmf_multi_god_temple2,
          gup_sewer_entry_pipe, serial_corexii_hall, corexii_hall_statues_u,
          chequers_hall_statues_wall_a, uniq_sigmund
D:4:      layout_layer_cave, nzn_random_ring, uniq_robin, uniq_menkaure,
          uniq_edmund, uniq_natasha
D:5:      layout_cave_pools
D:6:      layout_cave_pods, nicolae_inconvenience_store, uniq_prince_ribbit1

Skill      XL: |  1  2  3  4  5  6  7  8 |
---------------+-------------------------+-----
Axes           | 2 3 5 6 7 8 |  8.7
Fighting       | 4 5 6 |  6.2
Dodging        | 1 |  1.6
Armour         | 5 |  5.5
Shields        | |  3.2

Action                   |  1- 3 |  4- 6 |  7- 9 || total
-------------------------+-------+-------+-------++-------
Melee: War axe           |   108 |   154 |   283 ||   545
  Use: Scroll            |     4 |     4 |     8 ||    16
       Potion            |     1 |     2 |     1 ||     4
Armor: Scale mail        |    60 |    87 |    82 ||   229
       Plate armour      |       |       |    78 ||    78
Dodge: Dodged            |    48 |    76 |   109 ||   233
Block: Buckler           |    17 |    26 |    48 ||    91

Table legend:
 A = Non-vault XP
 B = Vault XP
 C = Vault XP percentage of total XP
 D = Non-vault monster count
 E = Vault monster count
 F = Vault count percentage of total count
                 A         B        C        D         E       F
            +---------+---------+-------+---------+---------+-------
      Total |    1215 |    1363 |  52.9 |      83 |      65 |  43.9
            +---------+---------+-------+---------+---------+-------
        D:1 |      23 |       2 |   8.0 |      14 |       1 |   6.7
        D:2 |      40 |      30 |  42.9 |      17 |       4 |  19.0
        D:3 |      94 |     265 |  73.8 |      18 |      12 |  40.0
        D:4 |     328 |     837 |  71.8 |      18 |      31 |  63.3
        D:5 |     597 |       3 |   0.5 |      12 |       1 |   7.7
        D:6 |     133 |       0 |   0.0 |       4 |       0 |   0.0
      Sewer |       0 |     226 | 100.0 |       0 |      16 | 100.0
            +---------+---------+-------+---------+---------+-------
